 Dungeon Crawl Stone Soup version 0.19-a0-944-gb338e1e (webtiles) character file.

128 Jivvin the Chopper (level 4, 0/35 HPs)
             Began as a Demonspawn Abyssal Knight on July 8, 2016.
             Was a Believer of Lugonu.
             Succumbed to an adder's poison
             ... on level 3 of the Dungeon.
             The game lasted 00:02:21 (2178 turns).

Jivvin the Chopper (Demonspawn Abyssal Knight)      Turns: 2178, Time: 00:02:21

Health: 0/35       AC:  6    Str: 12 (13) XL:     4   Next: 86%
Magic:  5/5        EV: 10    Int: 18 (19) God:    Lugonu [**....]
Gold:   177        SH:  0    Dex: 11 (12) Spells: 0 memorised, 3 levels left

rFire  . . .     SeeInvis .     a - +3 hand axe
rCold  . . .     Gourm    .     s - +0 ring mail
rNeg   . . .     Faith    .     (no shield)
rPois  .         Spirit   .     (no helmet)
rElec  .         Dismiss  .     (no cloak)
rCorr  .         Reflect  .     j - +0 pair of gloves
SustAt .         Harm     .     (no boots)
MR     .....                    (no amulet)
Stlth  +.........               (no ring)
                                (no ring)

@: brilliant, lethally poisoned (0 -> -7), flying, not resistant to hostile
enchantments, very unstealthy
A: powered by pain 2
a: Depart the Abyss, Bend Space, Renounce Religion


You were on level 3 of the Dungeon.
You worshipped Lugonu.
Lugonu was pleased with you.
You were not hungry.

You visited 1 branch of the dungeon, and saw 3 of its levels.
You visited the Abyss 1 time.

You collected 177 gold pieces.

Inventory:

Hand Weapons
 a - a +3 hand axe (weapon)
Armour
 j - a +0 pair of gloves (worn)
 s - a +0 ring mail (worn)
Wands
 d - a wand of teleportation (4/9)
Scrolls
 b - a scroll of fear {unknown}
Potions
 g - a potion of berserk rage {unknown}
 h - a potion of flight
 r - 3 potions of lignification
Books
 f - a book of Dreams

   Spells                             Type                      Level
   a - Ensorcelled Hibernation        Hexes/Ice                    2
   b - Silence                        Hexes/Air                    5
   c - Darkness                       Hexes                        6
   d - Shadow Creatures               Summoning                    6
Comestibles
 c - 3 bread rations
 i - a royal jelly
 k - 2 meat rations


   Skills:
 - Level 3.1 Fighting
 + Level 4.6 Axes
 - Level 1.7 Armour
 - Level 0.8 Dodging
 - Level 2.4 Invocations


You had 3 spell levels left.
You didn't know any spells.

Dungeon Overview and Level Annotations

Branches:
Dungeon (3/15)

Altars:


Innate Abilities, Weirdness & Mutations

You sometimes gain power by taking damage.


Message History

You barely miss the adder.
The adder is moderately wounded.
You feel sick. The adder bites you.
* * * LOW HITPOINT WARNING * * *
It was a potion of flight.
You feel very buoyant.
You fly up into the air.
The adder bites you.
* * * LOW HITPOINT WARNING * * *
You are more poisoned.
The adder poisons you!
It was a potion of brilliance.
You feel clever all of a sudden.
* * * LOW HITPOINT WARNING * * *
You feel sick. The adder bites you.
* * * LOW HITPOINT WARNING * * *
The adder bites you but does no damage.
It was a potion of degeneration.
There was something very wrong with that liquid.
You feel weakened.
You feel dopey.
You feel clumsy.
You die...

#...#.# #........
#.....## #........
#......###........
#...#.....######..
#######.....######.#
#... #.###........
#....##.##.......##
.......(...#..##.#
...#S@)!........
(.....††....#.##..
......#...###..# #
..........# #..
.....###..# ##.
...## #... .## #.#.#
#.#..


You could see an adder.

Vanquished Creatures
  Jessica (D:3)
  2 gnolls (D:1)
  An adder (D:2)
  An ooze (D:2)
  3 worms (D:2)
  3 dart slugs
  A giant gecko (D:2)
  7 goblins
  9 hobgoblins
  3 jackals (D:3)
  A ball python (D:1)
  7 bats
  A giant newt (D:2)
  10 kobolds
  4 rats
54 creatures vanquished.

Vanquished Creatures (others)
  14 starspawn tentacles (Abyss:3)
  43 starspawn tentacle segments (Abyss:3)
57 creatures vanquished.

Grand Total: 111 creatures vanquished

Notes
Turn   | Place    | Note
-------+----------+-------------------------------------------
     0 | Abyss:1  | Jivvin the Demonspawn Abyssal Knight began the quest for the Orb.
     0 | Abyss:1  | Reached XP level 1. HP: 18/18 MP: 2/2
    73 | Abyss:1  | Noticed a smoke demon
   106 | Abyss:3  | Noticed a tentacled starspawn
   158 | Abyss:3  | Noticed an anaconda zombie
   159 | D:1      | Escaped the Abyss
   644 | D:1      | Reached skill level 2 in Axes
   700 | D:1      | Reached * piety under Lugonu
   826 | D:1      | Gained mutation: You sometimes gain a little power by taking damage. [demonic ancestry]
   826 | D:1      | Reached XP level 2. HP: 24/24 MP: 3/3
   925 | D:1      | Reached skill level 3 in Axes
  1095 | D:1      | Gained mutation: You sometimes gain power by taking damage. [demonic ancestry]
  1095 | D:1      | Reached XP level 3. HP: 27/29 MP: 4/4
  1218 | D:2      | Reached ** piety under Lugonu
  1219 | D:2      | Reached XP level 4. HP: 14/35 MP: 5/5
  1778 | D:2      | Reached skill level 4 in Axes
  2126 | D:3      | Noticed Jessica
  2162 | D:3      | Killed Jessica
  2177 | D:3      | HP: 1/35 [adder (1)]
  2178 | D:3      | Succumbed to an adder's poison

Vault maps used:
D:1:      scummos_arrival_simple_fountains
D:3:      uniq_iyjb, uniq_jessica
Abyss:2:  evilmike_abyss_exit_14, hangedman_decor_riveting,
          evilmike_abyss_exit_12

Skill      XL: |  1  2  3  4 |
---------------+-------------+-----
Axes           | 2 3 4 |  4.6
Fighting       | |  3.1
Armour         | |  1.7
Dodging        | |  0.8
Invocations    | |  2.4

Action                   |  1- 3 |  4- 6 || total
-------------------------+-------+-------++-------
Melee: Hand axe          |    85 |    79 ||   164
Invok: Depart the Abyss  |     1 |       ||     1
  Use: Scroll            |       |     5 ||     5
       Potion            |       |     3 ||     3
 Stab: Distracted        |       |     1 ||     1
  Eat: Chunk             |     1 |     3 ||     4
Armor: Leather armour    |    32 |    16 ||    48
       Ring mail         |       |    29 ||    29
Dodge: Dodged            |    60 |    78 ||   138
